 Dungeon Crawl Stone Soup version 0.22-a0-265-g0d8bc9073c (webtiles) character file.

10 Psiweapon the Ruffian (level 2, 0/23 HPs)
             Began as a Minotaur Transmuter on Mar 7, 2018.
             Slain by a leopard gecko (3 damage)
             ... on level 1 of the Dungeon.
             The game lasted 00:01:24 (555 turns).

Psiweapon the Ruffian (Minotaur Transmuter)          Turns: 555, Time: 00:01:24

Health: 0/23       AC:  2    Str: 14    XL:     2   Next: 10%
Magic:  2/3        EV: 12    Int: 10    God:
Gold:   85         SH:  0    Dex: 10    Spells: 2/3 levels left

rFire    . . .     SeeInvis .     - Unarmed
rCold    . . .     Gourm    .   (no shield)
rNeg     . . .     Faith    .   b - +0 robe
rPois    .         Spirit   .   (helmet restricted)
rElec    .         Reflect  .   (no cloak)
rCorr    .         Harm     .   (no gloves)
MR       .....                  (no boots)
Stlth    +.........             (no amulet)
HPRegen  0.07/turn              (no ring)
MPRegen  0.08/turn              (no ring)

@: no status effects
A: retaliatory headbutt, horns 2
a: no special abilities


You were on level 1 of the Dungeon.
You were not hungry.

You visited 1 branch of the dungeon, and saw 1 of its levels.

You collected 85 gold pieces.

Inventory:

Missiles
 a - 12 arrows
 e - 24 stones (quivered)
Armour
 b - a +0 robe (worn)
 g - a +0 ring mail
Scrolls
 f - a scroll of enchant weapon {unknown}
 h - a scroll of remove curse {unknown}
Comestibles
 c - 2 chunks of flesh
 d - 4 rations


   Skills:
 - Level 1.2 Fighting
 - Level 2.1 Dodging
 + Level 4.0 Unarmed Combat
 - Level 1.3 Spellcasting
 - Level 1.5 Transmutations


You had 2 spell levels left.
You knew the following spells:

 Your Spells              Type           Power        Failure   Level  Hunger
b - Beastly Appendage     Tmut           #.....       17%         1    ##.....


Dungeon Overview and Level Annotations

Branches:
Dungeon (1/15)

Altars:
The Shining One


Innate Abilities, Weirdness & Mutations

You reflexively headbutt those who attack you in melee.
You have a pair of horns on your head.


Message History

You miss the leopard gecko. Your kick misses the leopard gecko.
The leopard gecko bites you.
You closely miss the leopard gecko.
The leopard gecko bites you but does no damage.
You completely miss the leopard gecko. Your kick misses the leopard gecko.
The leopard gecko barely misses you.
You closely miss the leopard gecko. The leopard gecko bites you.
The leopard gecko barely misses you.
You hit the leopard gecko but do no damage.
You claw the leopard gecko, but do no damage.
The leopard gecko bites you.
* * * LOW HITPOINT WARNING * * *
You hit the leopard gecko but do no damage.
Your talons disappear.
The leopard gecko bites you.
* * * LOW HITPOINT WARNING * * *
You hit the leopard gecko.
The leopard gecko is heavily wounded.
The leopard gecko bites you.
You die...

####.#.......# ..!...
####.........# ......
....[.....[..#######......
#####.>.................#
##.............g##.###
#.......#####(#......
#.......# #...)...#
#.###########g#####.# #.#
#...@lg# #.# #.####.# #.#
#.# #.# #.# #. #.. ...
##.# ).


You could see a leopard gecko, a hobgoblin and a goblin.

Vanquished Creatures
  A leopard gecko (D:1)
  2 goblins (D:1)
  2 hobgoblins (D:1)
  2 bats (D:1)
  2 frilled lizards (D:1)
9 creatures vanquished.

Notes
Turn   | Place    | Note
-------+----------+-------------------------------------------
     0 | D:1      | Psiweapon the Minotaur Transmuter began the quest for the Orb.
     0 | D:1      | Reached XP level 1. HP: 16/16 MP: 1/1
    67 | D:1      | Found a glowing golden altar of the Shining One.
   521 | D:1      | Reached skill level 4 in Unarmed Combat
   521 | D:1      | Reached XP level 2. HP: 23/23 MP: 0/3
   555 | D:1      | Slain by a leopard gecko

Vault maps used:
D:1:      dpeg_arrival_more_subterranean_lakeside_camping, tso_metal_star

Skill      XL: |  1 |
---------------+----+-----
Unarmed Combat | 4 |  4.0
Fighting       | |  1.2
Dodging        | |  2.1
Spellcasting   | |  1.3
Transmutations | |  1.5

Action                   || total
-------------------------++-------
Melee: Unarmed           ||    33
       Kick              ||     3
       Headbutt          ||     2
       Punch             ||     2
 Cast: Beastly Appendage ||     6
Armor: Robe              ||     7
Dodge: Dodged            ||    12

Table legend:
 A = Spawn XP
 B = Non-spawn XP
 C = Spawn XP percentage of total XP
 D = Spawn monster count
 E = Non-spawn monster count
 F = Spawn count percentage of total count
 G = Total turns spent on level
                    A         B        C        D         E        F      G
               +---------+---------+-------+---------+---------+-------+---------
         Total |       0 |      15 |   0.0 |       0 |       9 |   0.0 |   555
               +---------+---------+-------+---------+---------+-------+---------
           D:1 |       0 |      15 |   0.0 |       0 |       9 |   0.0 |   555
               +---------+---------+-------+---------+---------+-------+---------
